 Dungeon Crawl Stone Soup version 0.25-a0-545-ge4db218afc (webtiles) character file.

Game seed: 1899119468290779346, levelgen mode: deterministic

102230 Gargoyl the Corrupter of Planes (level 15, -5/127 HPs)
             Began as a Centaur Abyssal Knight on Feb 21, 2020.
             Was the Champion of Lugonu.
             Killed by divine providence
             ... invoked by an orc priest
              (13 damage)
             ... while paralysed by an orc sorcerer
             ... on level 2 of the Orcish Mines.
             The game lasted 00:43:01 (30421 turns).

Gargoyl the Corrupter of Planes (CeAK)             Turns: 30421, Time: 00:43:02

Health: -5/127     AC: 25    Str: 21    XL:     15   Next: 85%
Magic:  24/24      EV:  1    Int:  7    God:    Lugonu [******]
Gold:   1681       SH:  0    Dex: 11    Spells: 14/14 levels left

rFire    + . .     SeeInvis +   y - +8 hand axe of Exoneration {freeze, Str+2 Int-4 Stlth+}
rCold    + . .     Gourm    .   q - +6 tower shield {reflect}
rNeg     . . .     Faith    .   A - +1 chain mail "Weomod" {rPois}
rPois    +         Spirit   .   P - +1 hat
rElec    .         Reflect  +   z - +2 cloak of Geofiu {rC+ rCorr SInv}
rCorr    +         Harm     .   M - +0 pair of gloves
MR       ++...                  I - +1 centaur barding {Stlth+}
Stlth    ..........             t - amulet of the acrobat
HPRegen  0.31/turn              O - ring of protection from magic
MPRegen  0.19/turn              Q - ring of protection from fire

@: paralysed, very quick
A: large, hooves 3, large bone plates 1, rugged brown scales 1, deformed body,
speed 2, tough skin 3, subdued magic 1, MP-powered wands
a: Depart the Abyss, Bend Space, Banish, Corrupt, Enter the Abyss, Brand Weapon
With Distortion, Renounce Religion


You were on level 2 of the Orcish Mines.
You worshipped Lugonu.
Lugonu was exalted by your worship.
You were hungry.

You visited 3 branches of the dungeon, and saw 23 of its levels.
You visited the Abyss 1 time.

You collected 2187 gold pieces.
You spent 506 gold pieces at shops.

Inventory:

Hand Weapons
 a - a +5 hand axe
 y - the +8 hand axe of Exoneration (weapon) {freeze, Str+2 Int-4 Stlth+}
   (You bought it in a shop on level 7 of the Dungeon)

   It has been specially enchanted to freeze those struck by it, causing extra
   injury to most foes and up to half again as much damage against particularly
   susceptible opponents.
   It can also slow down cold-blooded creatures.
   It affects your strength (+2).
   It affects your intelligence (-4).
   It makes you more stealthy.
 K - a +4 broad axe of venom
 Y - a +1 hand axe of flaming
Missiles
 x - 19 boomerangs (quivered)
Armour
 d - the +3 leather armour of Qurphoul {rElec rC+ Int+4}
   (You found it on level 11 of the Dungeon)

   It affects your intelligence (+4).
   It protects you from cold.
   It insulates you from electricity.
   If you switch to wearing this armour, your AC will decrease by 3 (25 -> 22).
 q - a +6 tower shield of reflection (worn)
 z - the +2 cloak of Geofiu (worn) {rC+ rCorr SInv}
   (You found it on level 1 of the Lair of Beasts)

   It protects you from cold.
   It lets you see invisible.
   It provides partial protection from all sources of acid and corrosion.
   If you remove this armour, your AC will decrease by 4 (25 -> 21).
 A - the +1 chain mail "Weomod" (worn) {rPois}
   (You bought it in a shop on level 10 of the Dungeon)

   It protects you from poison.
   If you remove this armour, your AC will decrease by 9 (25 -> 16).
 I - a +1 centaur barding of stealth (worn)
 M - a +0 pair of gloves (worn)
 P - a +1 hat (worn)
 T - a +2 kite shield of fire resistance
Jewellery
 m - an uncursed ring of poison resistance
 r - an uncursed ring of protection from cold
 t - an amulet of the acrobat (around neck)
 O - a ring of protection from magic (left hand)
 Q - a ring of protection from fire (right hand)
 R - a +6 ring of strength
 V - a cursed amulet of the gourmand
Wands
 B - a wand of random effects (25)
 C - a wand of polymorph (29)
 D - a wand of flame (35)
 F - a wand of iceblast (27)
 H - a wand of scattershot (10)
 L - a wand of enslavement (6)
 N - a wand of acid (8)
Scrolls
 b - 12 scrolls of remove curse
 e - 9 scrolls of magic mapping
 g - 3 scrolls of fog
 i - 8 scrolls of blinking
 u - 5 scrolls of teleportation
 G - 2 scrolls of silence
 J - 2 scrolls of fear
 S - 5 scrolls of identify
 W - a scroll of enchant weapon
Potions
 f - 11 potions of curing
 h - 4 potions of magic
 j - 2 potions of flight
 k - 2 potions of ambrosia
 l - 2 potions of haste
 n - 2 potions of invisibility
 o - 5 potions of heal wounds
 p - 4 potions of might
 s - 5 potions of lignification
 v - 2 potions of brilliance
 w - a potion of mutation
 E - 4 potions of berserk rage
 U - a potion of cancellation
Comestibles
 c - 51 rations
 X - a chunk of flesh


   Skills:
 + Level 9.1 Fighting
 + Level 12.0 Axes
 + Level 3.1 Throwing
 * Level 9.7 Armour
 * Level 9.0 Dodging
 + Level 10.2 Shields
 * Level 12.9 Invocations
 + Level 2.2 Evocations


You had 14 spell levels left.
You didn't know any spells.
Your spell library contained the following spells:

 Spells                   Type           Power        Failure   Level  Hunger
 Beastly Appendage        Tmut           #.....       100%        1    ##.....
 Corona                   Hex            #......      100%        1    ##.....
 Foxfire                  Conj/Fire      #...         100%        1    ##.....
 Freeze                   Ice            #...         100%        1    ##.....
 Corpse Rot               Necr/Air       N/A          100%        2    ###....
 Slow                     Hex            #.......     100%        2    ###....
 Sticks to Snakes         Tmut           #.......     100%        2    ###....
 Conjure Flame            Conj/Fire      #.......     100%        3    ####...
 Frozen Ramparts          Ice            #.....       100%        3    ####...
 Inner Flame              Hex/Fire       #.......     100%        3    ####...
 Ozocubu's Armour         Chrm/Ice       #.......     100%        3    ####...
 Portal Projectile        Hex/Tloc       #.....       100%        3    ####...
 Spider Form              Tmut/Pois      #.........   100%        3    ####...
 Stone Arrow              Conj/Erth      #.....       100%        3    ####...
 Cause Fear               Hex            #.........   100%        4    #####..
 Hailstorm                Conj/Ice       #.......     100%        4    #####..
 Ice Form                 Ice/Tmut       #.......     100%        4    #####..
 Leda's Liquefaction      Hex/Erth       #.........   100%        4    #####..
 Sticky Flame             Conj/Fire      #.......     100%        4    #####..
 Summon Ice Beast         Ice/Summ       #.......     100%        4    #####..
 Blade Hands              Tmut           #.........   100%        5    ######.
 Fireball                 Conj/Fire      #.........   100%        5    ######.
 Summon Forest            Summ/Tloc      #.........   100%        5    ######.
 Eringya's Noxious Bog    Tmut/Pois      #.........   100%        6    #######
 Hydra Form               Tmut           #.........   100%        6    #######
 Summon Hydra             Summ           #.........   100%        7    #######


Dungeon Overview and Level Annotations

Branches:
Dungeon (15/15)            Temple (0/1) D:5            Lair (6/6) D:11
 Shoals (0/4) Lair:4       Spider (0/4) Lair:3        Slime (0/5) Lair:5
    Orc (2/2) D:10            Elf (0/3) Orc:2        Vaults (0/5) D:14
 Depths (0/5) D:15

Altars:
Ashenzari
Cheibriados
Dithmenos
Elyvilon
Hepliaklqana
Kikubaaqudgha
Makhleb
Nemelex Xobeh
Ru
Xom
Zin
Beogh

Shops:
D:4 *%%   D:5 !(}(   D:7 (   D:10 [   D:14 :

Annotations:
Abyss:1 Pikel


Innate Abilities, Weirdness & Mutations

You have hooves in place of feet.
Armour fits poorly on your strangely shaped body.
You cover ground very quickly.
You have extremely tough skin. (AC +3)
You are partially covered in large bone plates. (SH +4)
You are partially covered in rugged brown scales. (AC +1, +3% HP)
Your spells are a little easier to cast, but a little less powerful.
You expend magic power (3 MP) to strengthen your wands.


Message History

The orc knight goes into a battle-frenzy!
The orc sorcerer hits you but does no damage.
The orc warrior hits you from afar with a +0 glaive.
You hear a shout!
The orc wizard hits you but does no damage.
The orc warrior completely misses you.
The orc wizard gestures wildly while chanting.
The orc wizard blinks!
The orc knight hits you with a +3 bardiche of freezing!!
* * * LOW HITPOINT WARNING * * *
The orc knight freezes you.
* * * LOW HITPOINT WARNING * * *
The orc knight hits you with a +3 dire flail of protection!
* * * LOW HITPOINT WARNING * * *
The orc warrior no longer looks unusually strong.
The orc warrior hits you from afar with a +0 glaive.
* * * LOW HITPOINT WARNING * * *
The orc priest invokes the aid of Beogh against you.
Beogh smites you!
You die...

...............
....o..._.......
.o.............
.............
#.........##
..o4o.....#
#)oo..# #o@oo.#
#)o)..# #8)))8#
# #.[[..#.##
##.......##
##.[......#
#...#......#
##..###.#..#
#...##.....


You could see 2 orc knights, an orange demon, an orc sorcerer, 2 orc warriors, 2
orc priests, 2 orc wizards and an orc.

Vanquished Creatures
  An orc warlord (Orc:1)
  A fire dragon (Lair:6)
  2 ogre magi (D:15)
  Harold (D:8)
  The ghost of Sickboy the Cleaver, a journeyman MiFi (D:11)
  Erica (D:8)
  2 catoblepae (D:14)
  11 two-headed ogres
  2 centaur warriors
  A deep troll earth mage (D:13)
  A queen ant (Lair:3)
  A vampire mage (D:14)
  4 tengu warriors
  An orc high priest (Orc:2)
  2 skeletal warriors
  A titan skeleton (D:15)
  3 unseen horrors
  A swamp dragon (Lair:6)
  A deep elf archer (D:14)
  A necromancer (D:15)
  2 orc knights
  3 deep elf magi (D:14)
  5 cyclopes
  A wolf spider (Lair:6)
  10 ugly things
  2 orc sorcerers
  2 manticores
  6 elephants (Lair:6)
  A guardian serpent (Lair:6)
  Joseph (D:8)
  3 gargoyles
  11 black mambas
  A spiny frog (shapeshifter) (D:14)
  Psyche (D:9)
  4 centaur skeletons
  9 komodo dragons
  12 spiny frogs
  2 efreet
  3 kobold demonologists
  3 tengu conjurers
  3 rime drakes (Lair:6)
  2 yaktaurs
  6 trolls
  A spriggan skeleton (D:15)
  3 meliai (D:12)
  3 jumping spiders (Lair:3)
  2 hornets
  24 slime creatures
  8 blink frogs
  An ettin zombie (D:15)
  8 dream sheep
  A polar bear (Lair:6)
  9 hippogriffs
  A deep troll zombie (D:15)
  6 redbacks
  3 vampires
  15 wyverns
  2 shadows
  7 basilisks
  A wraith (D:13)
  23 yaks
  Eustachio (D:6)
  A fire elemental (Lair:2)
  4 steam dragons
  2 acid dragons
  16 water moccasins
  24 soldier ants
  Duvessa (D:7)
  2 porcupines (Lair:1)
  A black bear (D:8)
  8 sky beasts
  22 orc warriors
  An eye of draining (D:12)
  3 ice beasts
  A swamp drake (Lair:6)
  12 ogres
  4 phantoms
  4 centaurs
  12 wolves
  15 crocodiles
  8 big kobolds
  20 bullfrogs
  4 scorpions
  Dowan (D:7)
  7 killer bees
  8 wights
  2 electric eels (D:14)
  6 crimson imps
  4 howler monkeys
  The ghost of srslyguys the Caller, a weakling TeSu of Ru (D:3)
  2 quasits
  2 bullfrog zombies
  2 centaur zombies
  4 hounds
  2 bullfrog skeletons (D:6)
  3 jellies
  23 orc priests
  3 iron imps (D:8)
  28 orc wizards
  Natasha (thrice) (D:3)
  4 iguanas
  23 worker ants
  A killer bee zombie (D:6)
  A hound zombie (D:7)
  A howler monkey zombie (D:10)
  14 adders
  3 gnolls (D:10)
  3 shadow imps
  3 oozes (D:1)
  4 adder skeletons
  3 adder zombies
  3 worms
  6 dart slugs
  6 leopard geckos
  91 orcs
  11 bats
  4 giant cockroaches
  11 goblins
  9 hobgoblins
  3 jackals
  3 quokkas
  A ball python (D:2)
  3 frilled lizards
  25 kobolds
  A leopard gecko skeleton (D:6)
  2 quokka skeletons
  8 rats
  2 fungi
  3 plants
769 creatures vanquished.

Vanquished Creatures (others)
  An entropy weaver (Lair:4)
  3 hydras
  3 oklob plants (Lair:2)
  3 yaktaurs (D:14)
  The ghost of CAMITOR the Cutter, an amateur KoBe of Trog (D:4)
  4 centaurs
  A quokka (D:2)
  A kobold (D:8)
  A fire vortex (Lair:4)
  19 fungi
  41 plants
  12 withered plants (D:15)
90 creatures vanquished.

Grand Total: 859 creatures vanquished

Notes
Turn   | Place    | Note
-------+----------+-------------------------------------------
     0 | Abyss:1  | Gargoyl the Centaur Abyssal Knight began the quest for the
                  | Orb.
     0 | Abyss:1  | Reached XP level 1. HP: 19/19 MP: 2/2
   117 | Abyss:1  | Noticed an ancient zyme
   128 | Abyss:1  | Noticed a ynoxinul
   132 | Abyss:1  | Noticed a small abomination
   167 | Abyss:2  | Gained mutation: Your spells are a little easier to cast,
                  | but a little less powerful. [potion of mutation]
   167 | Abyss:2  | Gained mutation: You are partially covered in rugged brown
                  | scales. (AC +1, +3% HP) [potion of mutation]
   167 | Abyss:2  | Gained mutation: You expend magic power (3 MP) to
                  | strengthen your wands. [potion of mutation]
   167 | Abyss:2  | Gained mutation: You are partially covered in large bone
                  | plates. (SH +4) [potion of mutation]
   191 | Abyss:2  | Noticed a raiju
   191 | Abyss:2  | Noticed a raiju
   199 | D:1      | Escaped the Abyss
   209 | D:1      | Reached XP level 2. HP: 22/26 MP: 1/3
   292 | D:1      | Reached skill level 1 in Dodging
   356 | D:1      | Reached * piety under Lugonu
   461 | D:1      | Reached XP level 3. HP: 31/31 MP: 4/4
  1198 | D:2      | Reached XP level 4. HP: 39/39 MP: 6/6
  1210 | D:2      | Reached ** piety under Lugonu
  1298 | D:2      | Found a shimmering altar of Xom.
  1300 | D:2      | Noticed an angel
  1304 | D:2      | Found a glowing silver altar of Zin.
  1737 | D:3      | Noticed Natasha
  1744 | D:3      | Killed Natasha
  1763 | D:3      | Reached XP level 5. HP: 43/46 MP: 7/7
  1886 | D:3      | Noticed srslyguys's ghost (weakling TeSu)
  1945 | D:3      | Found a snail-covered altar of Cheibriados.
  2009 | D:3      | Noticed Natasha
  2016 | D:3      | Killed Natasha
  2136 | D:3      | Reached *** piety under Lugonu
  2358 | D:3      | Found a sacrificial altar of Ru.
  2527 | D:3      | Found an ancient bone altar of Kikubaaqudgha.
  2528 | D:3      | Found a sparkling altar of Nemelex Xobeh.
  2605 | D:3      | Found a runed translucent gate.
  2607 | D:3      | Found a runed translucent gate.
  2608 | D:3      | Found a runed translucent gate.
  2692 | D:3      | Noticed Natasha
  2702 | D:3      | Killed Natasha
  2702 | D:3      | Reached XP level 6. HP: 37/53 MP: 8/8
  3020 | D:3      | Killed srslyguys's ghost
  3031 | D:3      | Reached skill level 1 in Shields
  3123 | D:4      | Found a white marble altar of Elyvilon.
  3243 | D:4      | Found a runed translucent door.
  3342 | D:4      | Noticed CAMITOR's ghost (amateur KoBe)
  3360 | D:4      | Banished CAMITOR's ghost
  3360 | D:4      | Reached XP level 7. HP: 24/59 MP: 9/9
  3682 | D:4      | Found Uceq's Food Emporium.
  3687 | D:4      | Found Ewoigufi's Food Boutique.
  3732 | D:4      | Found Waopan's Assorted Antiques.
  4054 | D:5      | Entered Level 5 of the Dungeon
  4140 | D:5      | Found Ifay's Weapon Emporium.
  4144 | D:5      | Found Zurphyn's Antique Weapon Emporium.
  4144 | D:5      | Found Dumotir's Distillery.
  4145 | D:5      | Found Suopeuw's Gadget Emporium.
  4256 | D:5      | Found a staircase to the Ecumenical Temple.
  4414 | D:5      | Noticed Pikel
  4441 | D:5      | Banished Pikel
  4441 | D:5      | Reached XP level 8. HP: 10/67 MP: 11/11
  5742 | D:6      | Noticed Eustachio
  5768 | D:6      | Killed Eustachio
  5768 | D:6      | Reached **** piety under Lugonu
  5780 | D:6      | Reached skill level 5 in Invocations
  5972 | D:6      | Reached skill level 5 in Axes
  6462 | D:7      | Noticed a hippogriff
  6477 | D:7      | Killed a hippogriff
  6477 | D:7      | Reached XP level 9. HP: 48/74 MP: 11/13
  6494 | D:7      | Found Gosoteaha's Antique Weapon Boutique.
  6597 | D:7      | Bought a translucent hand axe for 240 gold pieces
  6597 | D:7      | Identified the +8 hand axe of Exoneration {freeze, Str+2
                  | Int-4 Stlth+} (You bought it in a shop on level 7 of the
                  | Dungeon)
  6623 | D:7      | Noticed Duvessa
  6623 | D:7      | Noticed Dowan
  6629 | D:7      | Killed Dowan
  6634 | D:7      | Killed Duvessa
  7092 | D:7      | Reached skill level 5 in Armour
  7161 | D:7      | Found a shadowy altar of Dithmenos.
  7161 | D:7      | Found a sacrificial altar of Ru.
  7272 | D:7      | Found a shattered altar of Ashenzari.
  7692 | D:8      | Noticed a kobold demonologist
  7707 | D:8      | Killed a kobold demonologist
  7804 | D:8      | Noticed Erica
  7918 | D:8      | Found a burning altar of Makhleb.
  7978 | D:8      | Killed Erica
  7978 | D:8      | Reached XP level 10. HP: 31/82 MP: 14/14
  8404 | D:8      | Reached ***** piety under Lugonu
  8438 | D:8      | Noticed Harold
  8443 | D:8      | Reached skill level 5 in Fighting
  8456 | D:8      | Killed Harold
  8601 | D:8      | Noticed Joseph
  8614 | D:8      | Killed Joseph
  8728 | D:9      | Reached skill level 5 in Dodging
  8728 | D:9      | Reached skill level 5 in Shields
  8728 | D:9      | Reached XP level 11. HP: 91/91 MP: 15/17
  8855 | D:9      | Noticed Psyche
  8869 | D:9      | Killed Psyche
  9705 | D:9      | Noticed a three-headed hydra
  9715 | D:9      | Banished a three-headed hydra
  9897 | D:10     | Entered Level 10 of the Dungeon
 10122 | D:10     | Found Eczats's Antique Armour Shoppe.
 10131 | D:10     | Bought a faintly glowing chain mail for 266 gold pieces
 10144 | D:10     | Identified the +1 chain mail "Weomod" {rPois} (You bought
                  | it in a shop on level 10 of the Dungeon)
 10247 | D:10     | Noticed a purple ugly thing
 10262 | D:10     | Killed a purple ugly thing
 10262 | D:10     | Reached XP level 12. HP: 81/98 MP: 18/18
 10711 | D:10     | Noticed a two-headed ogre
 10722 | D:10     | Killed a two-headed ogre
 11020 | D:10     | Noticed a two-headed ogre
 11028 | D:10     | Killed a two-headed ogre
 11074 | D:10     | Found a staircase to the Orcish Mines.
 11115 | D:10     | Found a roughly hewn altar of Beogh.
 11295 | D:11     | Reached ****** piety under Lugonu
 11849 | D:11     | Found a runed translucent door.
 11849 | D:11     | Noticed Sickboy's ghost (journeyman MiFi)
 11905 | D:11     | Killed Sickboy's ghost
 12123 | D:11     | Got a scorched leather armour
 12124 | D:11     | Identified the +3 leather armour of Qurphoul {rElec rC+
                  | Int+4} (You found it on level 11 of the Dungeon)
 12148 | D:11     | Found a hazy altar of Hepliaklqana.
 12335 | D:11     | Found a staircase to the Lair.
 12412 | D:11     | Found a glowing silver altar of Zin.
 12682 | Lair:1   | Entered Level 1 of the Lair of Beasts
 13165 | Lair:1   | Got a distressingly furry cloak
 13176 | Lair:1   | Identified the +2 cloak of Geofiu {rC+ rCorr SInv} (You
                  | found it on level 1 of the Lair of Beasts)
 14182 | Lair:2   | Got a scorched broad axe
 14183 | Lair:2   | Identified the +6 broad axe of Juocany {vorpal, Int+3} (You
                  | found it on level 2 of the Lair of Beasts)
 14667 | Lair:3   | Noticed a seven-headed hydra
 14669 | Lair:3   | Banished a seven-headed hydra
 14684 | Lair:3   | Reached skill level 10 in Invocations
 14720 | Lair:3   | Reached XP level 13. HP: 108/108 MP: 20/20
 14730 | Lair:3   | Found a hole to the Spider Nest.
 16951 | Lair:4   | Found a staircase to the Shoals.
 17257 | Lair:4   | Noticed an entropy weaver
 17287 | Lair:4   | Noticed an entropy weaver
 17616 | Lair:4   | Banished an entropy weaver
 18077 | Lair:4   | Banished an entropy weaver
 18407 | Lair:5   | Identified a scroll of acquirement
 18520 | Lair:5   | Found a staircase to the Slime Pits.
 18718 | Lair:5   | Reached skill level 10 in Axes
 19023 | Lair:6   | Entered Level 6 of the Lair of Beasts
 19982 | Lair:6   | Reached XP level 14. HP: 117/117 MP: 22/22
 24350 | D:14     | Found Geuckull's Book Shoppe.
 25199 | D:14     | Reached XP level 15. HP: 113/126 MP: 24/24
 25934 | D:14     | Found a gate to the Vaults.
 26007 | D:15     | Entered Level 15 of the Dungeon
 26606 | D:15     | Found a staircase to the Depths.
 27529 | D:14     | Reached skill level 10 in Shields
 28603 | Orc:1    | Entered Level 1 of the Orcish Mines
 28974 | Orc:2    | Entered Level 2 of the Orcish Mines
 28980 | Orc:2    | Found a staircase to the Elven Halls.
 29085 | Orc:2    | Noticed an orc warlord
 29793 | Orc:1    | Killed an orc warlord
 30392 | Orc:2    | Found a roughly hewn altar of Beogh.
 30418 | Orc:2    | Paralysed by an orc sorcerer for 6 turns
 30421 | Orc:2    | Killed from afar by an orc priest

Levels and vault maps discovered:
D:1:      dpeg_arrival_orchard, layout_loops_ring
D:2:      layout_basic, grunt_temple_overflow_order_and_chaos_1, first_ration
D:3:      layout_loops_ring, kennysheep_slug_shrine,
          chequers_temple_overflow_statue_of_worship, gammafunk_ghost_split,
          grunt_ministairs_2, nicolae_ru_sacrificial_ziggurat, uniq_natasha
D:4:      layout_loops_cross, old_standard_altar, serial_shops, shop,
          nicolae_shop_temple_entry_statues_fountains, shop_fountains,
          ebering_ghost_reflecting_pool
D:5:      layout_layer_cave, minmay_temple_entry_crystal_x,
          minmay_shop_grid_forest, grunt_ministairs_5, uniq_pikel
D:6:      layout_gridville, uniq_eustachio
D:7:      kb_forest_paths, layout_basic, gammafunk_temple_overflow_statue,
          lemuel_coloured_pillars_altar, serial_shops, shop, uniq_duvessa
D:8:      layout_basic, demons_altar, serial_glass, glass_columns_a,
          glass_columns_b, uniq_erica, uniq_joseph, uniq_harold
D:9:      layout_basic, hangedman_ranch [blue_anna_fruit_fields],
          minmay_alternating_orb, uniq_psyche
D:10:     layout_loops_ring, minmay_orc_entry_temple_small, serial_shops,
          nicolae_shop_overgrown_old_shop
D:11:     layout_loops_ring, david_lair_shrubbed, basic_altar,
          ebering_ghost_reflecting_pool, lemuel_tele_altar
D:12:     layout_rooms, lemuel_another_geyser
D:13:     layout_irregular_city, kennysheep_four_rooms
D:14:     layout_long_grid, hangedman_vaults_entry_quadrant_bands, serial_shops,
          nicolae_shop_stone, disabler_island
D:15:     gammafunk_depths_entry_grave, layout_loops_ring, bh_walls_and_bars
Lair:1:   layout_loops_ring, grunt_megastairs_5
Lair:2:   layout_gridlike, minmay_lair_oklob_chamber
Lair:3:   layout_loops_ring, nicolae_spider_entry_tight_spaces,
          nicolae_lair_grove_arrangements, serial_bayou_shore_b
Lair:4:   wander_river, layout_gridlike, minmay_shoals_entry_beasts,
          minivault_29
Lair:5:   layout_misc_corridors, dpeg_slime_entry_corner
Lair:6:   hangedman_lair_tendril_chambers, layout_small_grid,
          guppyfry_lair_end_dragon, st_stairs_12
Orc:1:    layout_caves
Orc:2:    grunt_orc_cross, layout_diamond_mine, elves_outpost_lemuel

Skill      XL: |  1  2  3  4  5  6  7  8  9 10 11 12 13 14 15 |
---------------+----------------------------------------------+-----
Axes           | 2 3 4 5 6 7 8 9 10 11 12 | 12.0
Dodging        | 1 2 3 4 5 6 7 8 9 |  9.0
Armour         | 2 3 4 5 6 7 8 9 |  9.7
Invocations    | 3 4 5 6 8 10 11 12 | 12.9
Shields        | 1 2 3 4 5 6 7 8 9 10 | 10.2
Fighting       | 4 5 6 7 8 9 |  9.1
Throwing       | 2 3 |  3.1
Evocations     | 2 |  2.2

Action                   |  1- 3 |  4- 6 |  7- 9 | 10-12 | 13-15 || total
-------------------------+-------+-------+-------+-------+-------++-------
Melee: Hand axe          |    87 |   180 |   319 |   626 |  1836 ||  3048
       Kick              |    24 |    32 |    78 |   179 |   571 ||   884
       Broad axe         |       |       |       |       |    21 ||    21
Throw: Boomerang         |       |       |     4 |       |    14 ||    18
Invok: Depart the Abyss  |     1 |       |       |       |       ||     1
       Banish            |       |       |     2 |     6 |    10 ||    18
       Bend Space        |       |       |       |       |     2 ||     2
Evoke: Wand              |       |       |     1 |       |       ||     1
  Use: Potion            |     2 |       |     1 |     1 |     3 ||     7
       Scroll            |     8 |    10 |     9 |     9 |    10 ||    46
  Eat: Chunk             |       |     6 |     8 |    16 |    34 ||    64
       Ration            |       |       |     1 |     2 |     4 ||     7
Armor: Leather armour    |    12 |       |       |       |       ||    12
       Chain mail        |    30 |    98 |    81 |   122 |   491 ||   822
Dodge: Dodged            |    27 |    18 |    18 |    54 |   187 ||   304
Block: Other             |    12 |    13 |       |       |       ||    25
       Tower shield      |       |    94 |   272 |   551 |  2085 ||  3002
       Reflection        |       |     2 |     7 |    26 |    54 ||    89

Table legend:
 A = Non-vault XP
 B = Vault XP
 C = Vault XP percentage of total XP
 D = Non-vault monster count
 E = Vault monster count
 F = Vault count percentage of total count
                 A         B        C        D         E       F
            +---------+---------+-------+---------+---------+-------
      Total |   85793 |   52285 |  37.9 |     548 |     235 |  30.0
            +---------+---------+-------+---------+---------+-------
        D:1 |      68 |       0 |   0.0 |      28 |       0 |   0.0
        D:2 |      82 |       0 |   0.0 |      30 |       0 |   0.0
        D:3 |     207 |     182 |  46.8 |      18 |       9 |  33.3
        D:4 |     205 |     111 |  35.1 |      19 |       1 |   5.0
        D:5 |     248 |     509 |  67.2 |       6 |       4 |  40.0
        D:6 |     738 |     196 |  21.0 |      18 |       1 |   5.3
        D:7 |    1499 |     399 |  21.0 |      29 |       6 |  17.1
        D:8 |     987 |    2511 |  71.8 |      17 |       6 |  26.1
        D:9 |     982 |    3392 |  77.5 |      20 |      22 |  52.4
       D:10 |    4413 |     372 |   7.8 |      26 |      12 |  31.6
       D:11 |    4512 |    1376 |  23.4 |      34 |       2 |   5.6
       D:12 |    4298 |       0 |   0.0 |      27 |       0 |   0.0
       D:13 |    8858 |    1835 |  17.2 |      34 |       5 |  12.8
       D:14 |   10417 |    7202 |  40.9 |      30 |      23 |  43.4
       D:15 |   22006 |    3022 |  12.1 |      50 |       6 |  10.7
     Lair:1 |    1658 |     208 |  11.1 |      10 |       2 |  16.7
     Lair:2 |    2571 |    1474 |  36.4 |      15 |       5 |  25.0
     Lair:3 |    4243 |    2915 |  40.7 |      19 |      10 |  34.5
     Lair:4 |    2535 |    6506 |  72.0 |      12 |      42 |  77.8
     Lair:5 |    3715 |     288 |   7.2 |      17 |       1 |   5.6
     Lair:6 |    8450 |   14853 |  63.7 |      27 |      53 |  66.2
      Orc:1 |    1875 |    2408 |  56.2 |      28 |       6 |  17.6
      Orc:2 |    1226 |    2526 |  67.3 |      34 |      19 |  35.8
            +---------+---------+-------+---------+---------+-------
